 Dungeon Crawl Stone Soup version 0.27.1-3-gb3d3a73c9e (webtiles) character file.

Game seed: 2543114130023432481

587 bnorton916 the Magician (level 7, 0/36 HPs)
             Began as a Deep Elf Conjurer on Oct 23, 2021.
             Slain by a steam dragon (1 damage)
             ... on level 5 of the Dungeon.
             The game lasted 00:04:08 (4998 turns).

bnorton916 the Magician (Deep Elf Conjurer)         Turns: 4998, Time: 00:04:09

Health: 0/36       AC:  3    Str:  4    XL:     7   Next: 15%
Magic:  14/19      EV: 12    Int: 25    God:
Gold:   237        SH:  0    Dex: 13    Spells: 8/19 levels left

rFire    . . .     SeeInvis .   o - +2 war axe of Goasho {freeze, rN++}
rCold    + . .     Faith    .   (no shield)
rNeg     + + .     Spirit   .   n - +1 robe {rC+}
rPois    +         Reflect  .   (no helmet)
rElec    .         Harm     .   (no cloak)
rCorr    .         Rampage  .   (no gloves)
Will     .....                  (no boots)
Stlth    ++........             (no amulet)
HPRegen  0.12/turn              d - ring of poison resistance
MPRegen  0.16/turn              (no ring)

@: no status effects
A: no striking features
a: no special abilities


You were on level 5 of the Dungeon.
You visited 2 branches of the dungeon, and saw 6 of its levels.

You collected 237 gold pieces.

Inventory:

Hand Weapons
 o - the +2 war axe of Goasho (weapon) {freeze, rN++}
   (You found it on level 4 of the Dungeon)

   It freezes those it strikes, dealing additional cold damage.
   It can also slow down cold-blooded creatures.
   rN:        It greatly protects you from negative energy.
Armour
 n - a +1 robe of cold resistance (worn)
Jewellery
 d - a ring of poison resistance (left hand)
Wands
 s - a wand of flame (16)
Scrolls
 a - a scroll of noise {unknown}
 e - 2 scrolls of fear {unknown}
 g - 5 scrolls of identify {unknown}
 h - 2 scrolls of immolation {unknown}
 i - a scroll of blinking {unknown}
 l - a scroll of holy word {unknown}
 p - a scroll of magic mapping {unknown}
 r - a scroll of enchant weapon {unknown}
 t - a scroll of enchant armour {unknown}
 u - a scroll of vulnerability {unknown}
Potions
 b - a potion of experience {unknown}
 c - 3 potions of invisibility {unknown}
 f - 2 potions of curing {unknown}
 j - a potion of mutation {unknown}
 k - 2 potions of cancellation {unknown}
 m - a potion of lignification {unknown}
 q - a potion of degeneration {unknown}


   Skills:
 - Level 2.4 Dodging
 - Level 2.4 Stealth
 - Level 6.9 Spellcasting
 - Level 6.8 Conjurations
 + Level 3.1 Hexes
 + Level 2.5 Translocations


You had 8 spell levels left.
You knew the following spells:

 Your Spells              Type           Power      Damage    Failure   Level
a - Magic Dart            Conj           100%       1d8       1%          1
b - Searing Ray           Conj           84%        3d6       1%          2
c - Fulminant Prism       Conj/Hex       16%        3d11      9%          4
d - Iskenderun's Mystic   Conj/Tloc      32%        2d8       10%         4

Your spell library contained the following spells:

 Spells                   Type           Power      Damage    Failure   Level
 Dazzling Flash           Conj/Hex       66%        N/A       2%          3
 Conjure Flame            Conj/Fire      25%        6-21      4%          3
 Gell's Gravitas          Tloc           10%        N/A       8%          3
 Lesser Beckoning         Tloc           10%        N/A       8%          3
 Teleport Other           Tloc           21%        N/A       8%          3
 Sticky Flame             Conj/Fire      25%        2d5       17%         4
 Ignite Poison            Fire/Tmut/Pois 8%         N/A       21%         3


Dungeon Overview and Level Annotations

Branches:
Dungeon (5/15)             Temple (1/1) D:5

Altars:
Ashenzari
Elyvilon
Fedhas
Kikubaaqudgha
Makhleb
Nemelex Xobeh
Okawaru
Ru
Trog
Xom
Yredelemnul
Zin

Shops:
D:3 *


Message History

Aiming: Searing Ray (safe; 1% risk of failure)
Press: ? - help, Shift-Dir - straight line, f/p - phantom
Aim: a phantom (almost destroyed, 75% to hit)
The searing ray hits the phantom!
You destroy the phantom! (Press . to maintain the ray.)
Your Hexes skill increases to level 3!
Your Translocations skill increases to level 2!
You have reached level 7!
Found an escape hatch in the floor.
u - a scroll labelled POSOCA BUTYBRU You open the door.
There is an open door here.
Found 16 arrows.
You see here 16 arrows.
A steam dragon comes into view.
Casting: Searing Ray (safe; 1% risk of failure)
Confirm with . or Enter, or press ? or * to list all spells.
Aiming: Searing Ray (safe; 1% risk of failure)
Press: ? - help, Shift-Dir - straight line, f - steam dragon
Aim: a steam dragon (asleep, 100% to hit)
The searing ray hits the steam dragon!
The steam dragon is moderately wounded.
The steam dragon hisses angrily. (Press . to maintain the ray.)
The steam dragon breathes steam at you. The ball of steam hits you!!
Ouch! That really hurt!
The searing ray hits the steam dragon.
The steam dragon is heavily wounded.
You are engulfed in a cloud of scalding steam.
* * * LOW HITPOINT WARNING * * *
The searing ray hits the steam dragon!
The steam dragon is severely wounded.
The steam dragon bites you!
* * * LOW HITPOINT WARNING * * *
The steam dragon claws you but does no damage.
The searing ray misses the steam dragon.
You finish channeling your searing ray.
The steam dragon bites you.
You die...

#.........# #..##.#
#.........# ...# .
#... .# #.........#
...# #.#.#####
#...(.....# ...#
........ #.........#
#..# #.#####
#........#
#..#########......
#..<.....#
###................#
#..........
#.D.......########.#
...........
#@#####........#.#
########... #.#
#..#####.... ..
#.#####..#######.# .
#......(..........
################.<
.......'..
.#######.. #.. #..


You could see a steam dragon (catching breath).

Vanquished Creatures
  A water moccasin (D:5)
  A phantom (D:5)
  Blork the orc (D:4)
  A scorpion (D:4)
  2 orc priests (D:4)
  A bullfrog skeleton (D:4)
  An iguana (D:4)
  An orc wizard (D:4)
  7 adders
  2 adder skeletons (D:4)
  3 worms
  10 orcs
  4 ball pythons
  8 endoplasms
  2 giant cockroaches
  6 goblins
  2 hobgoblins
  2 quokkas (D:1)
  2 bats
  6 kobolds
  2 rats (D:2)
65 creatures vanquished.

Notes
Turn   | Place    | Note
-------+----------+-------------------------------------------
     0 | D:1      | bnorton916 the Deep Elf Conjurer began the quest for the
                  | Orb.
     0 | D:1      | Reached XP level 1. HP: 10/10 MP: 6/6
   440 | D:1      | Reached XP level 2. HP: 15/15 MP: 4/8
  1194 | D:2      | Learned a level 2 spell: Searing Ray
  1631 | D:2      | Reached skill level 5 in Conjurations
  1631 | D:2      | Reached XP level 3. HP: 19/19 MP: 5/10
  2426 | D:3      | Found Ydoch's General Store.
  2489 | D:3      | Found a broken altar of Ashenzari.
  3032 | D:4      | Noticed Blork the orc
  3038 | D:4      | Reached XP level 4. HP: 13/24 MP: 4/12
  3039 | D:4      | Killed Blork the orc
  3040 | D:4      | Reached skill level 5 in Spellcasting
  3040 | D:4      | Reached XP level 5. HP: 15/28 MP: 2/14
  3690 | D:4      | Reached XP level 6. HP: 32/32 MP: 4/17
  3910 | D:4      | Identified the +2 war axe of Goasho {freeze, rN++}
  3952 | D:4      | Learned a level 4 spell: Fulminant Prism
  3957 | D:4      | Learned a level 4 spell: Iskenderun's Mystic Blast
  4358 | D:4      | Found a burning altar of Makhleb.
  4588 | D:5      | Entered Level 5 of the Dungeon
  4588 | D:5      | Found a staircase to the Ecumenical Temple.
  4597 | D:5      | Noticed a water moccasin
  4603 | D:5      | Killed a water moccasin
  4604 | D:5      | Reached skill level 1 in Translocations
  4611 | Temple   | Entered the Ecumenical Temple
  4917 | D:5      | Reached XP level 7. HP: 36/36 MP: 12/19
  4994 | D:5      | Noticed a steam dragon
  4997 | D:5      | HP: 1/36 [steam dragon (9)]
  4998 | D:5      | Slain by a steam dragon

Illustrated notes

Levels and vault maps discovered:
D:1:      minmay_arrival_arboretum_large, layout_basic
D:2:      layout_loops_cross
D:3:      layout_basic, ashenzari_altar_1, serial_shops, shop_statue
D:4:      layout_basic, bloody_makhleb, uniq_blork_the_orc
D:5:      layout_basic, mainiacjoe_overflow_24_doors,
          nicolae_gozag_cash_rules_everything_around_me,
          minmay_temple_entry_offerings, kennysheep_flooded_box
Temple:   cyrus_temple_forest

Skill      XL: |  1  2  3  4  5  6 |
---------------+-------------------+-----
Spellcasting   | 4 5 6 |  6.9
Conjurations   | 5 6 |  6.8
Hexes          | 3 |  3.1
Translocations | 2 |  2.5
Dodging        | |  2.4
Stealth        | |  2.4

Action                   |  1- 3 |  4- 6 |  7- 9 || total
-------------------------+-------+-------+-------++-------
 Cast: Magic Dart        |    79 |    55 |       ||   134
       Searing Ray       |     3 |     9 |     1 ||    13
Armor: Robe              |       |     3 |     1 ||     4
Dodge: Dodged            |     4 |    18 |       ||    22
